 Dungeon Crawl Stone Soup version 0.24.0-1-gfbc8707122 (webtiles) character file.

Game seed: 16018046106598465350, levelgen mode: deterministic

257616 Monsterracer the Severer (level 18, -15/176 HPs)
             Began as a Deep Dwarf Fighter on Oct 29, 2019.
             Was the Champion of Makhleb.
             Demolished by a death yak (26 damage)
             ... summoned by a spriggan berserker
             ... on level 5 of the Depths.
             The game lasted 00:30:53 (20537 turns).

Monsterracer the Severer (Deep Dwarf Fighter)      Turns: 20537, Time: 00:30:53

Health: -15/176    AC: 34    Str: 29      XL:     18   Next: 62%
Magic:  0/15       EV: 17    Int: 12      God:    Makhleb [******]
Gold:   960        SH:  0    Dex: 11 (12) Spells: 17/17 levels left

rFire    + . .     SeeInvis .   a - +7 executioner's axe (vamp)
rCold    + + .     Gourm    .   (shield currently unavailable)
rNeg     + . .     Faith    +   P - +2 plate armour {rF+}
rPois    .         Spirit   .   K - +1 helmet "Iputhres" {*Corrode rC++ Slay+2}
rElec    .         Reflect  .   b - +0 cloak
rCorr    +         Harm     .   O - +2 pair of gloves
MR       ++...                  y - +1 pair of boots
Stlth    ..........             L - amulet of faith
HPRegen  0.00/turn              F - ring "Ykkoc" {EV+5 Str+3}
MPRegen  0.14/turn              M - ring "Rebb" {rCorr Int+5}

@: lethally poisoned (-15 -> -48), non-regenerating
A: damage resistance, heal wounds, iridescent scales 1, thin metallic scales 1,
camouflage 1, deterioration 1, dopey 1, negative energy resistance 1, sense
surroundings 3, weak 1, evolution 2, no regeneration
}: 3/15 runes: barnacled, slimy, gossamer
a: Heal Wounds, Minor Destruction, Lesser Servant of Makhleb, Major Destruction,
Greater Servant of Makhleb, Renounce Religion


You were on level 5 of the Depths.
You worshipped Makhleb.
Makhleb was exalted by your worship.
You were not hungry.

You visited 8 branches of the dungeon, and saw 42 of its levels.
You also visited: Sewer and Gauntlet.

You collected 2749 gold pieces.
You spent 1789 gold pieces at shops.

Inventory:

Hand Weapons
 a - a +7 vampiric executioner's axe (weapon)
   (You acquired it on level 3 of the Lair of Beasts)
 n - the +5 flail "Zugoir" {antimagic, *Slow rC++ Str-2 Int+4, unknown}
   (You found it on level 15 of the Dungeon)

   It reduces the magical energy of the wielder, and disrupts the spells and
   magical abilities of those hit.
   Natural abilities and divine invocations are not affected.
   It affects your strength (-2).
   It affects your intelligence (+4).
   It greatly protects you from cold.
   It may slow you when you take damage.
Armour
 b - a +0 cloak (worn)
   (You found it on level 10 of the Dungeon)
 y - a +1 pair of boots (worn)
   (You found it on level 2 of the Spider Nest)
 K - the +1 helmet "Iputhres" (worn) {*Corrode rC++ Slay+2}
   (You found it in a Gauntlet)

   It affects your accuracy and damage with ranged weapons and melee attacks
   (+2).
   It greatly protects you from cold.
   It may corrode you when you take damage.
 O - a +2 pair of gloves (worn)
   (You found it in a Gauntlet)
 P - a +2 plate armour of fire resistance (worn)
   (You bought it in a shop on level 8 of the Dungeon)
 S - the -3 cloak of Indomitability {rF++ Dex+7}
   (You found it on level 5 of the Pits of Slime)

   It affects your dexterity (+7).
   It greatly protects you from fire.
Jewellery
 w - an uncursed ring of positive energy
   (You found it on level 2 of the Lair of Beasts)
 C - an uncursed ring of protection from cold
   (You found it on level 4 of the Dungeon)
 D - an uncursed ring of flight
   (You found it on level 8 of the Dungeon)
 F - the ring "Ykkoc" (left hand) {EV+5 Str+3}
   (You found it in a Gauntlet)

   [ring of evasion]

   It affects your evasion (+5).
   It affects your strength (+3).
 L - an amulet of faith (around neck)
   (You found it in a Gauntlet)
 M - the ring "Rebb" (right hand) {rCorr Int+5}
   (You took it off a minotaur in a Gauntlet)

   [ring of resist corrosion]

   It affects your intelligence (+5).
   It provides partial protection from all sources of acid and corrosion.
Wands
 k - a wand of iceblast (16)
   (You found it on level 7 of the Dungeon)
 E - a wand of digging (15)
   (You found it on level 8 of the Dungeon)
 H - a wand of acid (18)
   (You found it on level 2 of the Lair of Beasts)
Scrolls
 f - 2 scrolls of identify
 m - 5 scrolls of magic mapping
 o - 2 scrolls of fog
 r - 10 scrolls of remove curse
 s - a scroll of summoning {!r}
 t - 10 scrolls of teleportation {!r}
 u - a scroll of fear {!r}
 G - 4 scrolls of noise
Potions
 d - 8 potions of heal wounds
 e - 3 potions of curing
 g - a potion of mutation {!q}
 h - 11 potions of haste
 i - 4 potions of flight
 j - 5 potions of might
 q - 2 potions of berserk rage {!q}
 z - 4 potions of brilliance
 A - 4 potions of resistance
 B - 3 potions of ambrosia {!q}
 I - 3 potions of cancellation
 J - 4 potions of lignification
 R - 4 potions of invisibility
 T - a potion of magic
Miscellaneous
 N - 2 boxes of beasts
 Q - a phantom mirror
 V - a phial of floods
   (You found it on level 5 of the Pits of Slime)
Comestibles
 c - 40 rations


   Skills:
 + Level 14.4 Fighting
 + Level 19.9 Axes
 + Level 16.7 Armour
 - Level 7.9 Dodging
   Level 9.7 Shields
 + Level 18.2 Invocations


You had 17 spell levels left.
You didn't know any spells.
Your spell library contained the following spells:

 Spells                   Type           Power        Failure   Level  Hunger
 Animate Skeleton         Necr           N/A          86%         1    ##.....
 Apportation              Tloc           #.....       86%         1    ##.....
 Confusing Touch          Hex            #.....       86%         1    ##.....
 Corona                   Hex            #......      86%         1    ##.....
 Flame Tongue             Conj/Fire      #....        86%         1    ##.....
 Freeze                   Ice            #...         86%         1    ##.....
 Magic Dart               Conj           #...         86%         1    ##.....
 Sting                    Conj/Pois      #...         86%         1    ##.....
 Summon Small Mammal      Summ           #...         86%         1    ##.....
 Blink                    Tloc           N/A          95%         2    ###....
 Ensorcelled Hibernation  Hex/Ice        #.....       95%         2    ###....
 Poisonous Vapours        Pois/Air       #.....       95%         2    ###....
 Searing Ray              Conj           #.....       95%         2    ###....
 Shroud of Golubria       Chrm/Tloc      #.....       95%         2    ###....
 Slow                     Hex            #.......     95%         2    ###....
 Sublimation of Blood     Necr           #.........   95%         2    ###....
 Throw Frost              Conj/Ice       #.....       95%         2    ###....
 Confuse                  Hex            #.......     99%         3    ####...
 Dazzling Spray           Conj/Hex       #.....       99%         3    ####...
 Ignite Poison            Fire/Tmut/Pois #.......     99%         3    ####...
 Inner Flame              Hex/Fire       #.......     99%         3    ####...
 Mephitic Cloud           Conj/Pois/Air  #.......     99%         3    ####...
 Ozocubu's Armour         Chrm/Ice       #.......     99%         3    ####...
 Portal Projectile        Hex/Tloc       #.....       99%         3    ####...
 Tukima's Dance           Hex            #.......     99%         3    ####...
 Cause Fear               Hex            #.........   100%        4    #####..
 Force Lance              Conj/Tloc      #.......     100%        4    #####..
 Fulminant Prism          Conj/Hex       #.........   100%        4    #####..
 Iskenderun's Mystic Bla  Conj           #.......     100%        4    #####..
 Leda's Liquefaction      Hex/Erth       #.........   100%        4    #####..
 Olgreb's Toxic Radiance  Pois           #.......     100%        4    #####..
 Petrify                  Tmut/Erth      #.......     100%        4    #####..
 Summon Ice Beast         Ice/Summ       #.......     100%        4    #####..
 Summon Lightning Spire   Summ/Air       #.......     100%        4    #####..
 Throw Icicle             Conj/Ice       #.......     100%        4    #####..
 Alistair's Intoxication  Tmut/Pois      #.......     100%        5    ######.
 Irradiate                Conj/Tmut      #.........   100%        5    ######.
 Silence                  Hex/Air        #.........   100%        5    ######.
 Venom Bolt               Conj/Pois      #.........   100%        5    ######.
 Bolt of Fire             Conj/Fire      #.........   100%        6    #######
 Conjure Ball Lightning   Conj/Air       #.........   100%        6    #######
 Deflect Missiles         Chrm/Air       #.........   100%        6    #######
 Dragon Form              Tmut           #.........   100%        7    #######
 Disjunction              Tloc           #.........   100%        8    #######
 Dragon's Call            Summ           #.........   100%        9    #######
 Tornado                  Air            #.........   100%        9    #######


Dungeon Overview and Level Annotations

Branches:
Dungeon (15/15)            Temple (1/1) D:7            Lair (6/6) D:9
 Shoals (4/4) Lair:4       Spider (4/4) Lair:2        Slime (5/5) Lair:6
    Orc (2/2) D:10            Elf (0/3) Orc:2        Depths (5/5) D:15
  Sewer (visited)         Gauntlet (visited)
 Vaults: D:13-14        Zot: Depths:5

Altars:
Ashenzari
Cheibriados
Dithmenos
Elyvilon
Fedhas
Gozag
Hepliaklqana
Kikubaaqudgha
Makhleb
Nemelex Xobeh
Okawaru
Qazlal
Ru
Sif Muna
Trog
Uskayaw
Vehumet
Wu Jian
Xom
Yredelemnul
Zin
The Shining One
Beogh
Jiyva

Shops:
D:8 *   D:14 ?   D:15 (   Orc:2 (:![   Shoals:1 (

Portals:
Abyss: Depths:2
Ziggurat: Depths:3

Annotations:
D:6 3 runed translucent doors, Zleub's ghost, novice MfSk
D:11 4 runed translucent doors, agentgt's ghost, novice CeCK
Lair:1 exclusion: oklob plant
Lair:4 2 transporters, exclusion: 3 oklob plants, Xyudeake's ghost, journeyman DEFE
Shoals:3 3 runed translucent doors, Qatuad's ghost, adept GnFi; casual's ghost, adept HaVM
Spider:1 1 runed translucent door
Depths:3 Asterion; Mara


Innate Abilities, Weirdness & Mutations

You are resistant to damage.
You can heal yourself by infusing magical energy.
You resist negative energy. (rN+)
You passively map a large area around you.
You do not regenerate.
You are partially covered in iridescent scales. (AC +2)
You are partially covered in thin metallic scales. (AC +2)
Your skin changes colour to match your surroundings (Stealth+).
Your body sometimes deteriorates upon taking damage.
You are dopey. (Int -2)
You are weak. (Str -2)
You rapidly evolve.


Message History

The polar bear claws you but does no damage.
The spriggan berserker rages.
The hell knight hits you from afar with a +3 glaive of chopping.
The death yak closely misses you. The death yak gores you!
The spriggan rider hits you but does no damage.
You are more poisoned.
The spriggan berserker hits you with a +0 hand axe!
You hear a shout!
You slash the death yak!
The death yak is severely wounded.
You completely miss the spriggan berserker.
You closely miss the polar bear. You slice the death yak!!
You feel sick. The polar bear barely misses you.
The polar bear claws you but does no damage.
The polar bear closely misses you.
The spriggan berserker rages.
The death yak closely misses you. The death yak gores you.
The polar bear misses you. The polar bear claws you.
The polar bear claws you but does no damage.
The spriggan berserker hits you with a +0 hand axe!!
The hell knight misses you.
The spriggan rider hits you from afar with a +4 spear of venom.
You are more poisoned.
You slash the spriggan berserker!
The spriggan berserker is lightly wounded.
You carve the polar bear like a ham!!! You hit the death yak but do no damage.
You slice the death yak!!
You feel very sick. The death yak misses you.
The death yak gores you but does no damage.
The polar bear bites you but does no damage.
The polar bear barely misses you.
The polar bear claws you but does no damage.
The spriggan berserker hits you but does no damage.
A yaktaur captain comes into view.
The death yak gores you!!
The spriggan berserker rages.
The death yak closely misses you.
The hell knight hits you but does no damage.
The spriggan rider hits you but does no damage.
You are more poisoned.
You are too injured to fight recklessly!
You are too injured to fight recklessly!
You slash the spriggan berserker!
You feel better.
The spriggan berserker is moderately wounded.
You hit the death yak.
You kill the death yak!
The death yak's corpse disappears in a puff of smoke!
You slash the death yak!
Your plate armour prevents you from hitting the polar bear.
You feel very sick. The polar bear misses you.
The polar bear claws you but does no damage.
The polar bear closely misses you.
The spriggan berserker hits you but does no damage.
The death yak completely misses you.
The spriggan berserker hits you but does no damage.
The polar bear bites you!
* * * LOW HITPOINT WARNING * * *
The polar bear barely misses you.
The polar bear claws you but does no damage.
The yaktaur captain wields a +0 arbalest.
The yaktaur captain shoots a bolt.
The bolt completely misses you.
The bolt hits the spriggan berserker!!!
The spriggan berserker hits you with a +0 hand axe!
* * * LOW HITPOINT WARNING * * *
The spriggan rider hits you from afar with a +4 spear of venom.
You are more poisoned.
Unknown command.
You feel much better.
You feel very sick. The death yak completely misses you.
The spriggan berserker hits you with a +1 antimagic hand axe!!
* * * LOW HITPOINT WARNING * * *
You feel your power leaking away.
The polar bear bites you but does no damage.
The polar bear claws you but does no damage.
The polar bear misses you.
The hell knight hits you but does no damage.
The spriggan berserker hits you with a +0 hand axe!!
* * * LOW HITPOINT WARNING * * *
The death yak barely misses you.
The spriggan rider hits you but does no damage.
You are more poisoned.
Okay, then.
You feel much better.
* * * LOW HITPOINT WARNING * * *
You feel very sick. The polar bear closely misses you.
The polar bear claws you but does no damage.
The polar bear barely misses you.
The spriggan berserker hits you with a +1 antimagic hand axe.
* * * LOW HITPOINT WARNING * * *
The spriggan berserker hits you with a +0 hand axe!!
* * * LOW HITPOINT WARNING * * *
The yaktaur captain shoots a bolt.
The bolt hits you.
* * * LOW HITPOINT WARNING * * *
The death yak gores you!!
You die...
Xom laughs nastily!

......≈§.....≈≈..,, ,
* *
#.......§§≈≈.§§D§. ,
, *
#......§≈§.c...... *,
, ........≈≈)#'**, ,
, .. ........≈§.# * *
* ,,
.§#*.......d≈(##, ,*
* , , , ..![
,#.i.§§.†.## ,, ** ,
≈≈...##..hY(....## *
,≈≈§≈.#...i@...<..# ,
,,≈§≈≈....pi).......#
,, , ,
...§....c##.......# ,
,, ,
........###........#
, , , * .....####
..........# ....,
.....####...* * ...
*....## .. * , ,* , ,
* ...* , , , * , , *
, * ,, ,


You could see a black draconian, a death yak (berserk), a yaktaur captain, a
hell knight, a spriggan rider, 2 spriggan berserkers, a polar bear (berserk) and
a yaktaur.

Vanquished Creatures
  the Royal Jelly (Slime:5)
  A juggernaut (Depths:5)
  19 acid blobs (Slime:1 Lair:6 Slime:3 Slime:4 Slime:5)
  Kirke (Lair:6)
  7 azure jellies (Slime:1 Slime:4 Slime:5)
  A frost giant (Depths:2)
  2 ghost moths (Spider:4)
  4 fire giants (Depths:1 Depths:2 Depths:3)
  An iron dragon (Depths:5)
  An orc warlord (Orc:2)
  4 emperor scorpions (Spider:4)
  3 stone giants (Depths:1 Depths:5)
  2 entropy weavers (Spider:4 Spider:2)
  3 very ugly things (Depths:3)
  2 spark wasps (Spider:4)
  A minotaur (Gauntlet)
  Snorg (D:11)
  An ettin (Depths:5)
  3 merfolk impalers (Shoals:3 Shoals:4)
  6 death oozes (Slime:1 Slime:5)
  3 yaktaur captains (Depths:2 Depths:4 Depths:5)
  2 fire dragons (Depths:1 Depths:2)
  5 great orbs of eyes (Slime:3 Depths:2 Depths:3 Depths:5)
  3 rakshasas (Depths:1 Depths:2 Depths:3)
  A hell beast (Gauntlet)
  2 merfolk avatars (Shoals:1 Shoals:4)
  An alligator snapping turtle (Shoals:3)
  2 catoblepae (Lair:6)
  A merfolk aquamancer (Shoals:4)
  An ogre mage (D:15)
  Erica (D:8)
  9 two-headed ogres (D:12 D:15)
  2 hydras (Lair:6)
  2 centaur warriors (D:10 Depths:1)
  2 satyrs (Shoals:3)
  A tengu warrior (D:15)
  2 deep troll earth magi (Depths:3)
  A death yak (Lair:4)
  A spriggan berserker (Depths:5)
  Urug (Orc:2)
  A vampire mage (Depths:5)
  A titan skeleton (Depths:1)
  Sonja (Lair:2)
  Nergalle (D:12)
  A fire crab (D:10)
  4 hell knights (Depths:5)
  3 sea snakes (Shoals:3 Shoals:4)
  2 deep trolls (Depths:3)
  A kraken simulacrum (Shoals:4)
  An unseen horror (D:13)
  A golden dragon skeleton (Depths:1)
  3 lindwurms (Lair:2 Lair:6)
  2 necromancers (D:15 Depths:1)
  2 wizards (Gauntlet Depths:2)
  Pikel (D:8)
  15 harpies (Shoals:1 Shoals:3 Shoals:4)
  5 orc knights (Orc:2)
  15 wolf spiders (Spider:1 Spider:2 Spider:3 Spider:4)
  3 oklob plants (Lair:6)
  6 orb spiders (Spider:1 Spider:3 Spider:4)
  8 ugly things (D:12 Depths:1 Depths:3)
  2 orc sorcerers (Orc:1 Orc:2)
  A shadow dragon skeleton (Depths:1)
  12 manticores (Lair:6 Shoals:1 Shoals:2 Shoals:3 Shoals:4)
  5 fauns (Shoals:1 Shoals:2 Shoals:3)
  8 shining eyes (Slime:1 Slime:2 Slime:3 Slime:4 Slime:5)
  3 moths of wrath (Spider:1 Spider:4)
  10 elephants (Lair:3 Lair:6)
  A black mamba (Lair:6)
  2 centaur zombies (D:10)
  2 merfolk sirens (Lair:4 Shoals:4)
  Maurice (D:9)
  3 naga magi (D:15)
  3 torpor snails (Lair:6 Spider:1)
  3 water nymphs (Shoals:4)
  A water nymph (shapeshifter) (Depths:2)
  4 eyes of devastation (Slime:5)
  6 komodo dragons (Lair:2 Lair:3 Lair:6)
  7 spiny frogs (Lair:1 Lair:2 Lair:4 Lair:6)
  4 demonic crawlers (Spider:2 Spider:3)
  A freezing wraith (D:11)
  15 yaktaurs (Depths:1 Depths:2 Depths:3 Depths:4)
  6 rime drakes (Lair:3 Lair:5 Lair:6)
  4 trolls (Orc:1 Orc:2 D:15)
  3 tengu conjurers (D:12 Depths:1 Depths:3)
  12 merfolk (Shoals:1 Shoals:2 Shoals:3 Shoals:4)
  3 wind drakes (Shoals:1 Shoals:2 Shoals:4)
  5 hornets (Spider:4 Depths:5)
  3 tyrant leeches (Spider:1)
  A tengu simulacrum (Depths:1)
  Grinder (D:3)
  23 jumping spiders (Spider:1 Spider:2 Spider:3 Spider:4)
  Prince Ribbit (D:9)
  47 slime creatures (Lair:6 Slime:1 Slime:2 Slime:3 Slime:5)
  18 blink frogs (Lair:3 Lair:4 Lair:6)
  7 hippogriffs (Lair:1 Lair:2 Lair:3 Lair:4 Lair:6)
  2 snapping turtles (Shoals:3 Shoals:4)
  A spriggan (Depths:5)
  15 tarantellas (Spider:1 Spider:3 Spider:4 Spider:2)
  A tarantella (shapeshifter) (D:15)
  55 redbacks (Spider:1 Spider:3 Spider:4 Spider:2)
  An ice dragon skeleton (Depths:1)
  A shadow (D:15)
  A wraith (D:10)
  4 basilisks (Lair:4 Lair:5 Lair:6)
  5 water elementals (Shoals:1 Shoals:4 D:15)
  36 yaks (Lair:2 Lair:3 Lair:4 Lair:5 Lair:6)
  3 wyverns (Lair:4 D:11 D:15)
  2 fire bats (D:10)
  A yak (shapeshifter) (Depths:3)
  13 golden eyes (Slime:1 Lair:6 Slime:2)
  A chaos spawn (Gauntlet)
  2 fire elementals (D:10)
  4 hogs (Lair:6)
  5 vampire mosquitoes (D:11 D:15)
  A neqoxec (Gauntlet)
  3 spatial vortices (Orc:1)
  2 swamp worms (Spider:1)
  A soldier ant (D:11)
  6 wargs (Orc:1 Orc:2)
  3 hell hounds (Gauntlet D:10)
  9 water moccasins (Lair:1 Lair:2 Lair:4 Lair:6)
  45 orc warriors (D:7 D:8 D:9 D:10 Orc:1)
  5 porcupines (Lair:1 Lair:4 Lair:5)
  A hornet zombie (D:10)
  An ice beast (shapeshifter) (Depths:1)
  4 ice beasts (D:7 D:9 D:11 D:15)
  4 sky beasts (D:7 D:9 D:11 D:15)
  4 eyes of draining (Lair:6 Slime:1 Slime:3)
  3 slaves (D:8)
  10 ogres (D:7 D:9 D:10 Orc:2 D:14)
  A wolf (Lair:2)
  5 centaurs (D:10 Shoals:3 D:15)
  12 crocodiles (Lair:1 Lair:2 Lair:3 Lair:4 Lair:6)
  15 bullfrogs (D:7 D:8 D:9 Lair:1 Lair:2)
  2 big kobolds (Sewer D:11)
  2 wyvern skeletons (D:9 D:11)
  6 scorpions (D:5 D:7 D:8 Lair:2)
  12 killer bees (D:7 D:9 D:10)
  11 wights (D:9 D:10 D:15)
  4 howler monkeys (D:6 D:7 D:9)
  3 electric eels (Lair:6 Spider:2)
  6 crimson imps (D:2 D:7 D:8 D:9 D:10)
  A quasit (D:10)
  3 bullfrog zombies (D:11 D:12)
  14 hounds (D:3 D:4 D:8 D:9 D:10)
  3 jellies (D:10 D:11)
  14 orc priests (D:4 D:7 D:9 D:10 Orc:1)
  5 centaur skeletons (D:9 D:15)
  23 orc wizards (D:4 D:5 D:7 D:8 D:9)
  A bullfrog skeleton (D:10)
  Terence (D:2)
  3 iguanas (D:8 D:9 D:11)
  11 worker ants (D:4 D:9 Lair:2 D:11 D:14)
  A hound zombie (D:6)
  2 hound skeletons (D:7 D:8)
  2 worker ant zombies (D:8 D:9)
  A river rat (D:3)
  13 adders (D:2 D:3 D:4 D:6 D:7)
  A gnoll (D:3)
  8 shadow imps (D:7 D:8 D:9 Gauntlet D:11)
  2 oozes (D:1 D:5)
  An adder zombie (D:5)
  9 worms (D:2 D:5 Lair:2)
  3 dart slugs (D:2 D:3)
  7 leopard geckos (D:3 D:7 D:9 D:10)
  89 orcs (D:3 D:4 D:5 D:7 D:8)
  A ball python (D:3)
  5 bats (D:1 D:2 D:3)
  2 bat zombies (D:5)
  10 giant cockroaches (D:1 D:2 D:6 D:7 Lair:2)
  7 goblins (D:2 D:3 D:10)
  8 hobgoblins (D:1 D:2 D:10)
  14 jackals (D:2 D:3 D:8)
  5 quokkas (D:3 D:4 D:6 D:8)
  3 frilled lizards (D:2)
  A jackal skeleton (D:4)
  13 kobolds (D:1 D:2 Sewer D:11)
  2 leopard gecko zombies (D:7 D:8)
  A quokka skeleton (D:10)
  A quokka zombie (D:9)
  12 rats (D:1 D:2 D:3 Sewer)
  A rat zombie (D:5)
  A fire vortex (Lair:4)
  2 fungi (Lair:6)
  A plant (Shoals:3)
1054 creatures vanquished.

Vanquished Creatures (collateral kills)
  A ghost moth (Spider:4)
  A spark wasp (Spider:4)
  3 orb spiders (Spider:4)
  6 wolf spiders (Spider:3 Spider:4)
  2 jumping spiders (Spider:4)
  A hornet (Spider:4)
  3 tarantellas (Spider:4)
  2 redbacks (Spider:4)
  A leopard gecko (D:5)
  A quokka (D:5)
21 creatures vanquished.

Vanquished Creatures (others)
  A merfolk javelineer (Shoals:1)
  A merfolk aquamancer (Shoals:4)
  A jumping spider (Spider:1)
  A chaos spawn (Gauntlet)
  A neqoxec (Gauntlet)
  A water moccasin (Lair:6)
  A centaur (D:5)
  9 demonic plants (Gauntlet)
  A fungus (Lair:4)
  6 plants (Lair:4 Spider:1)
  12 tentacles (Shoals:4)
35 creatures vanquished.

Grand Total: 1110 creatures vanquished

Notes
Turn   | Place    | Note
-------+----------+-------------------------------------------
     0 | D:1      | Monsterracer the Deep Dwarf Fighter began the quest for the
                  | Orb.
     0 | D:1      | Reached XP level 1. HP: 20/20 MP: 1/1
   506 | D:1      | Reached XP level 2. HP: 24/27 MP: 2/2
   996 | D:2      | Noticed a crimson imp
  1004 | D:2      | Killed a crimson imp
  1004 | D:2      | Reached skill level 3 in Axes
  1004 | D:2      | Reached XP level 3. HP: 30/34 MP: 3/3
  1077 | D:2      | Reached XP level 4. HP: 34/42 MP: 4/4
  1141 | D:2      | HP: 21/42 [goblin (2)]
  1221 | D:2      | Noticed Terence
  1242 | D:2      | Killed Terence
  1512 | D:2      | Reached skill level 4 in Axes
  1512 | D:2      | Reached XP level 5. HP: 42/49 MP: 5/5
  2053 | D:3      | Found a shimmering altar of Xom.
  2091 | D:3      | Became a worshipper of Xom of Chaos
  2143 | D:3      | Noticed Grinder
  2146 | D:3      | Found a shadowy altar of Dithmenos.
  2151 | D:3      | HP: 23/49 [Grinder (4)]
  2168 | D:3      | XOM: potion effect (haste)
  2182 | D:3      | Killed Grinder
  2182 | D:3      | Reached skill level 5 in Axes
  2182 | D:3      | Reached XP level 6. HP: 39/57 MP: 6/6
  2307 | D:3      | XOM: divination: magic mapping
  2353 | D:3      | XOM: harmless Summ miscast
  2421 | D:3      | Found a glowing drain.
  2425 | Sewer    | Entered a sewer
  2490 | Sewer    | XOM: potion effect (might)
  2511 | Sewer    | Found a white marble altar of Elyvilon.
  2660 | D:3      | Reached XP level 7. HP: 49/64 MP: 6/6
  2669 | D:3      | Reached skill level 5 in Armour
  2771 | D:3      | XOM: divination: magic mapping
  2885 | D:4      | XOM is BORED!
  2885 | D:4      | XOM: harmless Fire miscast
  2896 | D:4      | Reached skill level 5 in Shields
  2899 | D:4      | Got a transparent chain mail
  2914 | D:4      | Identified the +2 chain mail of Difamit {MR+ Stlth+} (You
                  | found it on level 4 of the Dungeon)
  2999 | D:4      | XOM: enchant monster (bad)
  3044 | D:4      | Reached skill level 6 in Axes
  3107 | D:4      | XOM: scenery: create altars
  3261 | D:4      | XOM is BORED!
  3261 | D:4      | XOM: medium Tloc miscast
  3261 | D:4      | HP: 28/66 [something (10)]
  3393 | D:5      | Entered Level 5 of the Dungeon
  3394 | D:5      | XOM: divine lightning
  3408 | D:5      | XOM: cast spell 'Death Channel'
  3544 | D:5      | Found an ancient bone altar of Kikubaaqudgha.
  3595 | D:6      | Found a sacrificial altar of Ru.
  3725 | D:6      | Found a runed translucent gate.
  3726 | D:6      | Found a runed translucent gate.
  3727 | D:6      | Found a runed translucent gate.
  3730 | D:6      | Found an ornate altar of the Wu Jian Council.
  3730 | D:6      | Found a stormy altar of Qazlal.
  3738 | D:6      | Noticed Zleub's ghost (novice MfSk)
  3765 | D:6      | XOM: 2-stop teleportation journey
  3942 | D:6      | Found a white marble altar of Elyvilon.
  4147 | D:6      | Found an iron altar of Okawaru.
  4298 | D:7      | Reached XP level 8. HP: 55/73 MP: 7/7
  4298 | D:7      | XOM: potion effect (agility)
  4346 | D:7      | XOM: scenery: create altars
  4347 | D:7      | Reached skill level 7 in Axes
  4347 | D:7      | XOM: confusion
  4347 | D:7      | HP: 34/73 [orc priest/divine providence (12)]
  4367 | D:7      | HP: 27/73 [orc priest/divine providence (10)]
  4369 | D:7      | Reached skill level 5 in Fighting
  4421 | D:7      | HP: 37/74 [killer bee (2)]
  4438 | D:7      | XOM: noise
  4455 | D:7      | Reached skill level 8 in Axes
  4548 | D:7      | Found a staircase to the Ecumenical Temple.
  4579 | Temple   | Entered the Ecumenical Temple
  4598 | Temple   | XOM: harmless Ice miscast
  4652 | Temple   | Fell from the grace of Xom
  4652 | Temple   | Became a worshipper of Makhleb the Destroyer
  4902 | D:7      | HP: 37/75 [bullfrog (1)]
  4907 | D:7      | Gained mutation: You passively map the area around you.
                  | [Deep Dwarf growth]
  4907 | D:7      | Reached XP level 9. HP: 59/81 MP: 8/8
  4918 | D:7      | Reached skill level 1 in Invocations
  5005 | D:7      | XOM: summons 4 hostile shadow creatures
  5067 | D:8      | HP: 30/81 [orc warrior/+0 dire flail (14)]
  5075 | D:8      | HP: 40/81 [orc warrior/+0 dire flail (16)]
  5082 | D:8      | Reached * piety under Makhleb
  5102 | D:8      | Noticed Erica
  5107 | D:8      | Noticed Pikel
  5111 | D:8      | HP: 38/81 [slave[Pikel] (4)]
  5116 | D:8      | HP: 15/81 [something (6)]
  5122 | D:8      | HP: 31/81 [slave[Pikel] (1)]
  5130 | D:8      | Killed Pikel
  5130 | D:8      | Reached skill level 9 in Axes
  5131 | D:8      | HP: 39/82 [something (6)]
  5133 | D:8      | Killed Erica
  5162 | D:8      | Found an opulent altar of Gozag.
  5270 | D:8      | HP: 37/82 [orc warrior/+0 flail (8)]
  5326 | D:8      | Found Caryiph's Assorted Antiques.
  5332 | D:8      | Bought a scroll labeled KOYN JOCLOME for 28 gold pieces
  5332 | D:8      | Bought a scroll labeled IBAUTS IJEPS for 28 gold pieces
  5332 | D:8      | Bought a scroll of teleportation for 84 gold pieces
  5332 | D:8      | Bought a bubbling emerald potion for 25 gold pieces
  5335 | D:8      | HP: 29/82 [/a scroll of torment (24)]
  5414 | D:8      | Found a sparkling altar of Nemelex Xobeh.
  5649 | D:9      | Noticed Maurice
  5660 | D:9      | HP: 38/82 [orc warrior/+0 battleaxe (12)]
  5664 | D:9      | XOM: medium Pois miscast
  5706 | D:9      | Found a blossoming altar of Fedhas.
  5720 | D:9      | Reached XP level 10. HP: 87/91 MP: 11/11
  5747 | D:9      | Killed Maurice
  5747 | D:9      | Reached skill level 10 in Axes
  5764 | D:9      | XOM: 5-stop teleportation journey
  5812 | D:9      | Reached ** piety under Makhleb
  5825 | D:9      | Found a staircase to the Lair.
  5857 | D:9      | Found a glowing golden altar of the Shining One.
  5954 | D:9      | Reached skill level 5 in Invocations
  6078 | D:9      | Noticed Prince Ribbit
  6425 | D:9      | Killed Prince Ribbit
  6679 | Lair:1   | Entered Level 1 of the Lair of Beasts
  6683 | Lair:1   | Noticed an oklob plant
  6804 | Lair:1   | Noticed a spiny frog
  6809 | Lair:1   | Killed a spiny frog
  6885 | Lair:1   | Noticed a spiny frog
  6896 | Lair:1   | Killed a spiny frog
  6896 | Lair:1   | Reached skill level 11 in Axes
  7409 | Lair:2   | Reached *** piety under Makhleb
  7412 | Lair:2   | Reached XP level 11. HP: 73/100 MP: 11/11
  7412 | Lair:2   | XOM: confusion (+ monsters)
  7466 | Lair:2   | XOM: swap monsters
  7730 | Lair:2   | XOM: mild Ice miscast
  7843 | Lair:2   | Found a hole to the Spider Nest.
  7868 | Lair:2   | Noticed a lindwurm
  7878 | Lair:2   | Killed a lindwurm
  7878 | Lair:2   | Reached skill level 12 in Axes
  8021 | Lair:2   | Noticed Sonja
  8039 | Lair:2   | Killed Sonja
  8331 | Lair:3   | XOM: medium Fire miscast
  8386 | Lair:3   | HP: 50/103 [yak (10)]
  8426 | Lair:3   | XOM: harmless Conj miscast
  8453 | Lair:3   | Reached **** piety under Makhleb
  8506 | Lair:3   | XOM: harmless Summ miscast
  8585 | Lair:3   | XOM: silly message
  8645 | Lair:3   | Reached XP level 12. HP: 90/111 MP: 14/14
  8646 | Lair:3   | Identified a scroll of acquirement
  8659 | Lair:3   | XOM: harmless Summ miscast
  8924 | Lair:3   | XOM: harmless Tloc miscast
  9291 | Lair:4   | Reached skill level 13 in Axes
  9291 | Lair:4   | Reached skill level 10 in Armour
  9397 | Lair:4   | Found a transporter.
  9404 | Lair:4   | Found a transporter.
  9591 | Lair:4   | Noticed Xyudeake's ghost (journeyman DEFE)
  9639 | Lair:4   | Noticed a death yak
  9794 | Lair:4   | Found a staircase to the Shoals.
  9871 | Lair:5   | XOM: noise
  9955 | Lair:5   | XOM: mild Tloc miscast
 10460 | Lair:6   | Entered Level 6 of the Lair of Beasts
 10510 | Lair:6   | Found a gate leading to a gauntlet.
 10522 | Gauntlet | Entered a Gauntlet
 10522 | Gauntlet | Found a transporter.
 10522 | Gauntlet | Found a transporter.
 10527 | Gauntlet | Found a transporter.
 10532 | Gauntlet | XOM: mild Ice miscast
 10542 | Gauntlet | Found a transporter.
 10560 | Gauntlet | Found a transporter.
 10569 | Gauntlet | Found a transporter.
 10585 | Gauntlet | Noticed a hell beast
 10588 | Gauntlet | Found a transporter.
 10661 | Gauntlet | Found a transporter.
 10672 | Gauntlet | Found a transporter.
 10686 | Gauntlet | Found a transporter.
 10699 | Gauntlet | Found a transporter.
 10776 | Gauntlet | XOM: mild Air miscast
 10782 | Gauntlet | Found a transporter.
 10794 | Gauntlet | Found a transporter.
 10798 | Gauntlet | Noticed a death yak
 10799 | Gauntlet | Noticed a death yak
 10800 | Gauntlet | Noticed a death yak
 10802 | Gauntlet | Found a transporter.
 10826 | Gauntlet | Found a transporter.
 10847 | Gauntlet | Found a transporter.
 10924 | Gauntlet | Got a fine ivory ring
 10926 | Gauntlet | Identified the ring "Ykkoc" {EV+5 Str+3} (You found it in a
                  | Gauntlet)
 10953 | Gauntlet | HP: 55/112 [hell beast (11)]
 10958 | Gauntlet | HP: 39/112 [hell beast (9)]
 10963 | Gauntlet | HP: 81/168 [hell beast (5)]
 10965 | Gauntlet | Killed a hell beast
 10965 | Gauntlet | Reached skill level 10 in Invocations
 11006 | Gauntlet | Got a distressingly furry helmet
 11021 | Gauntlet | Identified the +1 helmet "Iputhres" {*Corrode rC++ Slay+2}
                  | (You found it in a Gauntlet)
 11064 | Gauntlet | Identified the ring "Rebb" {rCorr Int+5}
 11064 | Gauntlet | Noticed a minotaur
 11070 | Gauntlet | HP: 48/114 [minotaur/+2 morningstar of holy wrath (13)]
 11074 | Gauntlet | Killed a minotaur
 11074 | Gauntlet | Reached skill level 14 in Axes
 11093 | Lair:6   | Noticed a seven-headed hydra
 11100 | Lair:6   | Killed a ten-headed hydra
 11130 | Lair:6   | Noticed a six-headed hydra
 11142 | Lair:6   | HP: 52/114 [12-headed hydra (8)]
 11143 | Lair:6   | Killed a 13-headed hydra
 11169 | Lair:6   | Noticed Kirke
 11185 | Lair:6   | Noticed a sphinx
 11185 | Lair:6   | Killed Kirke
 11185 | Lair:6   | Reached XP level 13. HP: 121/121 MP: 15/15
 11296 | Lair:6   | Reached ***** piety under Makhleb
 11415 | Lair:6   | XOM: noise
 11577 | Lair:6   | Got a scorched leather armour
 11604 | Lair:6   | HP: 61/122 [black mamba (10)]
 11609 | Lair:6   | HP: 48/122 [catoblepas (13)]
 11629 | Lair:6   | Reached skill level 15 in Axes
 12022 | D:10     | Entered Level 10 of the Dungeon
 12101 | D:10     | XOM: mild Erth miscast
 12156 | D:10     | Identified the +1 leather armour "Lasioxen" {-Cast rN+ MR+
                  | Str+5} (You found it on level 6 of the Lair of Beasts)
 12273 | D:10     | Found a transporter.
 12299 | D:10     | Found a transporter.
 12304 | D:10     | Reached skill level 10 in Fighting
 12304 | D:10     | HP: 58/123 [fire elemental (6)]
 12307 | D:10     | HP: 26/123 [fire bat (5)]
 12310 | D:10     | Got a pair of spiked boots
 12312 | D:10     | HP: 32/123 [fire elemental (2)]
 12317 | D:10     | Got a scorched iron amulet
 12331 | D:10     | Identified the cursed -4 pair of boots of Lophah {rC+ rN+
                  | Int-2 Dex+3} (You found it on level 10 of the Dungeon)
 12332 | D:10     | Identified the amulet "Yweepuwk" {Spirit Int+9 Dex-4} (You
                  | found it on level 10 of the Dungeon)
 12499 | D:10     | Found a staircase to the Orcish Mines.
 12725 | D:8      | Bought a shiny plate armour for 728 gold pieces
 12799 | Orc:1    | Entered Level 1 of the Orcish Mines
 12881 | Orc:1    | XOM: medium Tloc miscast
 13192 | Orc:2    | Entered Level 2 of the Orcish Mines
 13192 | Orc:2    | Noticed an orc warlord
 13204 | Orc:2    | Killed an orc warlord
 13246 | Orc:2    | Paralysed by an orc sorcerer for 5 turns
 13516 | Orc:2    | Gained mutation: You resist negative energy. (rN+) [Deep
                  | Dwarf growth]
 13516 | Orc:2    | Reached XP level 14. HP: 132/132 MP: 18/18
 13518 | Orc:2    | Reached skill level 1 in Dodging
 13554 | Orc:2    | Found Eceabigg's Weapon Shop.
 13670 | Orc:2    | Noticed Urug
 13684 | Orc:2    | Killed Urug
 13691 | Orc:2    | Reached ****** piety under Makhleb
 13692 | Orc:2    | Reached skill level 16 in Axes
 13697 | Orc:2    | HP: 64/133 [orc warrior/+4 halberd (25)]
 13697 | Orc:2    | XOM: mild Tmut miscast
 13702 | Orc:2    | HP: 51/133 [orc warrior/+0 trident (6)]
 13703 | Orc:2    | HP: 22/133 [orc warrior/+0 flail (15)]
 13719 | Orc:2    | HP: 64/133 [orc warrior/+0 halberd (6)]
 13729 | Orc:2    | HP: 56/133 [orc warrior/+0 flail (11)]
 13750 | Orc:2    | Found a roughly hewn altar of Beogh.
 13762 | Orc:2    | XOM: give mutations
 13762 | Orc:2    | Gained mutation: Your mind is acute. (Int +2) [Xom's grace]
 13762 | Orc:2    | Gained mutation: Your flesh is heat resistant. (rF+) [Xom's
                  | grace]
 13762 | Orc:2    | Gained mutation: You have supernaturally acute eyesight.
                  | (SInv) [Xom's grace]
 13762 | Orc:2    | Gained mutation: Your skin changes colour to match your
                  | surroundings (Stealth+). [Xom's grace]
 13779 | Orc:2    | Found Puahoal's Armour Shoppe.
 13779 | Orc:2    | Found Zunuri's Distillery.
 13793 | Orc:2    | Bought 2 potions of haste for 280 gold pieces
 13793 | Orc:2    | Bought a potion of haste for 140 gold pieces
 13793 | Orc:2    | Bought a potion of curing for 42 gold pieces
 13793 | Orc:2    | Bought a potion of curing for 42 gold pieces
 13793 | Orc:2    | Bought a potion of cancellation for 112 gold pieces
 13821 | Orc:2    | Found a staircase to the Elven Halls.
 13875 | Orc:2    | XOM: give mutations
 13875 | Orc:2    | Lost mutation: Your flesh is heat resistant. (rF+) [Xom's
                  | mischief]
 13875 | Orc:2    | Gained mutation: You are weak. (Str -2) [Xom's mischief]
 13875 | Orc:2    | Lost mutation: You are weak. (Str -2) [Xom's mischief]
 14086 | Orc:2    | Found Adamup's Book Shoppe.
 14309 | Spider:1 | Entered Level 1 of the Spider Nest
 14361 | Spider:1 | HP: 58/133 [disintegration (27)]
 14445 | Spider:1 | HP: 66/133 [wolf spider (3)]
 14450 | Spider:1 | HP: 42/133 [wolf spider (8)]
 14456 | Spider:1 | HP: 61/133 [disintegration (20)]
 14516 | Spider:1 | Found a runed translucent door.
 14678 | Spider:2 | Noticed an emperor scorpion
 14681 | Spider:2 | Noticed an entropy weaver
 14690 | Spider:3 | XOM: summons friendly iron imp
 14855 | Spider:4 | Entered Level 4 of the Spider Nest
 14889 | Spider:4 | Noticed an emperor scorpion
 14908 | Spider:4 | Killed an emperor scorpion
 14925 | Spider:4 | Noticed an entropy weaver
 14939 | Spider:4 | Killed an entropy weaver
 14939 | Spider:4 | Reached skill level 5 in Dodging
 14947 | Spider:4 | HP: 63/135 [disintegration (24)]
 14953 | Spider:4 | HP: 55/135 [disintegration (8)]
 14958 | Spider:4 | Reached skill level 17 in Axes
 14958 | Spider:4 | Reached XP level 15. HP: 77/141 MP: 19/19
 15044 | Spider:4 | HP: 68/141 [spark wasp (16)]
 15063 | Spider:4 | HP: 67/141 [spark wasp (7)]
 15065 | Spider:4 | HP: 33/141 [spark wasp (9)]
 15222 | Spider:4 | Noticed a ghost moth
 15225 | Spider:4 | Killed a ghost moth
 15257 | Spider:4 | XOM: noise
 15263 | Spider:4 | Noticed a ghost moth
 15274 | Spider:4 | HP: 105/213 [poisoned by an emperor scorpion]
 15277 | Spider:4 | Killed a ghost moth
 15280 | Spider:4 | Paralysed by a hornet for 2 turns
 15289 | Spider:4 | HP: 68/142 [poisoned by a hornet]
 15294 | Spider:4 | HP: 60/142 [wolf spider (14)]
 15299 | Spider:4 | HP: 66/142 [poisoned by an emperor scorpion]
 15303 | Spider:4 | HP: 31/142 [tarantella (4)]
 15303 | Spider:4 | HP: 13/142 [emperor scorpion (7)]
 15304 | Spider:4 | HP: 6/142 [poisoned by an emperor scorpion]
 15309 | Spider:4 | HP: 54/142 [poisoned by an emperor scorpion]
 15310 | Spider:4 | HP: 18/142 [emperor scorpion (15)]
 15315 | Spider:4 | HP: 14/142 [emperor scorpion (8)]
 15386 | Spider:4 | Noticed a ghost moth
 15408 | Spider:4 | Killed a ghost moth
 15481 | Spider:4 | Got a gossamer rune of Zot
 15802 | Spider:1 | XOM: 1-stop teleportation journey
 15802 | Spider:1 | Was forgiven by Xom
 15915 | Shoals:1 | Entered Level 1 of the Shoals
 16090 | Shoals:1 | Found Yssaoz's Antique Weapon Emporium.
 16285 | Shoals:3 | Reached skill level 18 in Axes
 16310 | Shoals:3 | Found a runed translucent gate.
 16310 | Shoals:3 | Found a runed translucent gate.
 16310 | Shoals:3 | Found a runed translucent gate.
 16328 | Shoals:3 | Noticed casual's ghost (adept HaVM)
 16328 | Shoals:3 | Noticed Qatuad's ghost (adept GnFi)
 16414 | Shoals:3 | HP: 70/144 [poisoned by a sea snake]
 16416 | Shoals:3 | Reached XP level 16. HP: 111/152 MP: 16/16
 16425 | Shoals:4 | Entered Level 4 of the Shoals
 16425 | Shoals:4 | HP: 76/152 [poisoned by a sea snake]
 16517 | Shoals:4 | HP: 76/152 [merfolk impaler/+2 demon trident of freezing
                  | (10)]
 16522 | Shoals:4 | HP: 56/152 [merfolk impaler/+2 demon trident of freezing
                  | (9)]
 16523 | Shoals:4 | HP: 18/152 [merfolk impaler/+0 demon trident of freezing
                  | (14)]
 16534 | Shoals:4 | HP: 71/152 [snapping turtle (9)]
 16539 | Shoals:4 | HP: 53/152 [merfolk impaler/+0 demon trident of freezing
                  | (12)]
 16546 | Shoals:4 | HP: 55/152 [snapping turtle (3)]
 16552 | Shoals:4 | HP: 75/152 [merfolk/+2 vampiric trident (3)]
 16662 | Shoals:4 | HP: 74/152 [water nymph/the raging water (13)]
 16667 | Shoals:4 | HP: 65/152 [poisoned by a sea snake]
 16696 | Shoals:4 | Got a warped steel ring
 16697 | Shoals:4 | Identified the cursed ring of Feocsaen {*Contam rN+++ Str-3
                  | Int-2 Stlth+} (You found it on level 4 of the Shoals)
 16935 | Shoals:4 | Got a barnacled rune of Zot
 17019 | Shoals:3 | HP: 73/152 [satyr/arrow (12)]
 17045 | Shoals:3 | HP: 75/152 [sea snake (8)]
 17576 | Lair:6   | Found a staircase to the Slime Pits.
 17594 | Lair:6   | Reached skill level 15 in Invocations
 17613 | Slime:1  | Entered Level 1 of the Pits of Slime
 17613 | Slime:1  | Noticed an acid blob
 17615 | Slime:1  | Noticed an acid blob
 17618 | Slime:1  | Killed an acid blob
 17630 | Lair:6   | Killed an acid blob
 17680 | Slime:1  | Lost mutation: Your mind is acute. (Int +2) [a shining eye]
 17683 | Slime:1  | Noticed an acid blob
 17697 | Slime:1  | Killed an acid blob
 17703 | Slime:1  | Gained mutation: Your body sometimes deteriorates upon
                  | taking damage. [a shining eye]
 17708 | Slime:1  | Noticed an acid blob
 17721 | Slime:1  | Killed an acid blob
 17790 | Slime:2  | HP: 52/154 [enormous slime creature (48)]
 17794 | Slime:2  | HP: 19/154 [enormous slime creature (35)]
 17829 | Slime:2  | Gained mutation: Your spells are a little easier to cast,
                  | but a little less powerful. [a shining eye]
 17968 | Slime:3  | Paralysed by a great orb of eyes for 6 turns
 18006 | Slime:3  | Noticed an acid blob
 18015 | Slime:3  | Killed an acid blob
 18034 | Slime:5  | Entered Level 5 of the Pits of Slime
 18034 | Slime:5  | Noticed an acid blob
 18039 | Slime:5  | Noticed an acid blob
 18041 | Slime:5  | Noticed an acid blob
 18047 | Slime:4  | Gained mutation: You are weak. (Str -2) [a shining eye]
 18048 | Slime:4  | HP: 75/154 [azure jelly (9)]
 18056 | Slime:4  | Gained mutation: Armour fits poorly on your strangely
                  | shaped body. [a shining eye]
 18078 | Slime:4  | Killed an acid blob
 18078 | Slime:4  | Reached skill level 15 in Armour
 18085 | Slime:4  | Killed an acid blob
 18085 | Slime:4  | Reached XP level 17. HP: 145/162 MP: 16/16
 18154 | Slime:5  | Noticed the Royal Jelly
 18154 | Slime:5  | Noticed an acid blob
 18155 | Slime:5  | Found a viscous altar of Jiyva.
 18158 | Slime:5  | Noticed an acid blob
 18158 | Slime:5  | Noticed an acid blob
 18158 | Slime:5  | Noticed an acid blob
 18161 | Slime:5  | HP: 77/162 [acid blob[the Royal Jelly] (15)]
 18164 | Slime:5  | Noticed an acid blob
 18165 | Slime:5  | Killed an acid blob
 18169 | Slime:5  | HP: 81/162 [the Royal Jelly (19)]
 18170 | Slime:5  | Killed an acid blob
 18170 | Slime:5  | Noticed an acid blob
 18171 | Slime:5  | Killed an acid blob
 18171 | Slime:5  | Noticed an acid blob
 18176 | Slime:5  | Killed an acid blob
 18179 | Slime:5  | Killed an acid blob
 18179 | Slime:5  | Killed an acid blob
 18179 | Slime:5  | HP: 78/161 [azure jelly[the Royal Jelly] (7)]
 18180 | Slime:5  | Killed the Royal Jelly
 18191 | Slime:5  | Killed an acid blob
 18195 | Slime:5  | HP: 77/162 [azure jelly (13)]
 18195 | Slime:5  | Noticed an acid blob
 18212 | Slime:5  | HP: 42/163 [acid blob/splash of acid (5)]
 18255 | Slime:5  | Killed an acid blob
 18257 | Slime:5  | Gained mutation: You are frail. (-10% HP) [a shining eye]
 18258 | Slime:5  | Killed an acid blob
 18258 | Slime:5  | Reached skill level 19 in Axes
 18259 | Slime:5  | Gained mutation: You are dopey. (Int -2) [a shining eye]
 18260 | Slime:5  | Gained mutation: You are very weak. (Str -4) [a shining
                  | eye]
 18264 | Slime:5  | Lost mutation: You have supernaturally acute eyesight.
                  | (SInv) [a shining eye]
 18266 | Slime:5  | HP: 72/147 [disintegration (43)]
 18267 | Slime:5  | Gained mutation: You are very frail. (-20% HP) [a shining
                  | eye]
 18267 | Slime:5  | HP: 32/131 [disintegration (40)]
 18268 | Slime:5  | Gained mutation: You tend to lose your temper in combat. [a
                  | shining eye]
 18291 | Slime:5  | Noticed an acid blob
 18296 | Slime:4  | Lost mutation: You are very weak. (Str -4) [potion of
                  | mutation]
 18296 | Slime:4  | Lost mutation: You tend to lose your temper in combat.
                  | [potion of mutation]
 18296 | Slime:4  | Lost mutation: Your spells are a little easier to cast, but
                  | a little less powerful. [potion of mutation]
 18296 | Slime:4  | Gained mutation: You are partially covered in thin metallic
                  | scales. (AC +2) [potion of mutation]
 18296 | Slime:4  | Gained mutation: You are partially covered in iridescent
                  | scales. (AC +2) [potion of mutation]
 18297 | Slime:4  | Lost mutation: You are very frail. (-20% HP) [potion of
                  | mutation]
 18297 | Slime:4  | Lost mutation: You are frail. (-10% HP) [potion of
                  | mutation]
 18297 | Slime:4  | Lost mutation: Armour fits poorly on your strangely shaped
                  | body. [potion of mutation]
 18297 | Slime:4  | Lost mutation: Your body sometimes deteriorates upon taking
                  | damage. [potion of mutation]
 18297 | Slime:4  | Gained mutation: Your body sometimes deteriorates upon
                  | taking damage. [potion of mutation]
 18297 | Slime:4  | Gained mutation: You evolve. [potion of mutation]
 18317 | Slime:5  | Noticed an acid blob
 18321 | Slime:5  | Killed an acid blob
 18327 | Slime:5  | Killed an acid blob
 18400 | Slime:5  | Identified the Incunabulum of Twisted Poison
 18428 | Slime:5  | Got a transparent morningstar
 18433 | Slime:5  | Got a twisted cloak
 18444 | Slime:5  | Identified the cursed -3 cloak of Indomitability {rF++
                  | Dex+7} (You found it on level 5 of the Pits of Slime)
 18463 | Slime:5  | Got a steaming ruby amulet
 18464 | Slime:5  | Identified the amulet "Fukhlim" {Inacc *Drain Int+6 SInv}
                  | (You found it on level 5 of the Pits of Slime)
 18464 | Slime:5  | Noticed an acid blob
 18481 | Slime:5  | Killed an acid blob
 18510 | Slime:5  | Got a slimy rune of Zot
 18764 | D:11     | Noticed Snorg
 18776 | D:11     | Killed Snorg
 18844 | D:11     | Found a runed translucent door.
 18986 | D:11     | Found a runed translucent gate.
 18986 | D:11     | Found a runed translucent gate.
 18986 | D:11     | Found a runed translucent gate.
 18988 | D:11     | Noticed agentgt's ghost (novice CeCK)
 19072 | D:12     | Noticed Nergalle
 19078 | D:12     | Killed Nergalle
 19095 | D:12     | Gained mutation: You rapidly evolve. [evolution]
 19115 | D:12     | Got a thick robe
 19320 | D:14     | Found a glowing golden altar of the Shining One.
 19388 | D:14     | Found Begry's Magic Scroll Emporium.
 19391 | D:14     | Bought a scroll of teleportation for 42 gold pieces
 19391 | D:14     | Bought a scroll of teleportation for 42 gold pieces
 19391 | D:14     | Bought a scroll of teleportation for 42 gold pieces
 19391 | D:14     | Bought a scroll of enchant armour for 105 gold pieces
 19391 | D:14     | Bought a scroll of magic mapping for 49 gold pieces
 19448 | D:15     | Entered Level 15 of the Dungeon
 19521 | D:15     | Got a polished flail
 19805 | D:15     | Found Hutzer's Antique Weapon Emporium.
 20032 | D:15     | Found a staircase to the Depths.
 20038 | Depths:1 | Entered Level 1 of the Depths
 20168 | Depths:1 | Gained mutation: You passively map a large area around you.
                  | [Deep Dwarf growth]
 20168 | Depths:1 | Reached XP level 18. HP: 174/174 MP: 16/16
 20223 | Depths:2 | Found a one-way gate to the infinite horrors of the Abyss.
 20318 | Depths:2 | You fall into a shaft and drop 1 floor!
 20325 | Depths:3 | Noticed Mara
 20346 | Depths:3 | Noticed Monsterracer's illusion
 20364 | Depths:3 | HP: 86/175 [Monsterracer's illusion[Mara] (16)]
 20372 | Depths:3 | Found a gateway to a ziggurat.
 20372 | Depths:3 | Noticed Asterion
 20385 | Depths:3 | HP: 86/175 [cyan ugly thing (8)]
 20391 | Depths:3 | HP: 75/175 [Asterion/+3 demon trident of flaming (1)]
 20453 | Depths:5 | Entered Level 5 of the Depths
 20477 | Depths:5 | Noticed a juggernaut
 20497 | Depths:5 | HP: 61/175 [ettin/+0 dire flail (31)]
 20506 | Depths:5 | Killed a juggernaut
 20533 | Depths:5 | HP: 86/176 [spriggan berserker/+0 hand axe (16)]
 20535 | Depths:5 | HP: 38/176 [spriggan berserker/+0 hand axe (9)]
 20536 | Depths:5 | HP: 13/176 [spriggan berserker/+0 hand axe (19)]
 20537 | Depths:5 | Demolished by a death yak

Levels and vault maps discovered:
D:1:      dpeg_arrival_stonehenge_8_columns, layout_loops_corners
D:2:      minmay_diamond_boxcup, layout_basic, st_stairs_9, grunt_ministairs_5,
          uniq_terence
D:3:      layout_rooms, lemuel_crystal_altar, xom_teletrap_fun,
          gup_sewer_entry_spiral, first_ration, st_stairs_4,
          cheibrodos_gnoll_hut, uniq_grinder
D:4:      layout_rooms, kennysheep_another_room, patterned_corridor
D:5:      layout_rooms, lemuel_zombie_altar_kikubaaqudgha,
          chequers_serial_rivers_small_3
D:6:      layout_basic, lemuel_crystal_altar, kennysheep_little_box,
          lemuel_coloured_pillars_altar, gammafunk_temple_overflow_wave,
          gammafunk_ghost_necromancy
D:7:      layout_rooms, minmay_temple_entry_grid, minmay_joined_circles
D:8:      layout_rooms, nicolae_gozag_cash_rules_everything_around_me,
          marbit_many_paths, serial_shops, shop, uniq_pikel, uniq_erica
D:9:      layout_grid_maze, nicolae_tso_carved_into_rock, old_standard_altar,
          dpeg_oklobed_lair, uniq_maurice, uniq_prince_ribbit1
D:10:     gammafunk_cloud_chamber, layout_stronghold, erik_orc_3
D:11:     minmay_gate_of_8, layout_loops_cross, maelrawn_ghost_gauntlet_escape,
          uniq_snorg
D:12:     layout_long_grid, grunt_tengu_nest, uniq_nergalle
D:13:     layout_irregular_city, lightli_vaults_fourway_checkpoint,
          serial_shops, shop, uniq_rupert, uniq_azrael
D:14:     lemuel_ice_statue, layout_basic, serial_shops,
          nicolae_shop_behind_doors, basic_altar, nicolae_ru_awakened_eye
D:15:     grunt_enter_depths_magical_seal, layout_gridville,
          minmay_crystal_water, serial_shops, shop, basic_altar
Temple:   eino_temple_lava
Lair:1:   layout_regular_city, minmay_lair_oklob_bushes
Lair:2:   layout_chaotic_city, nicolae_spider_entry_non_spiders,
          guppyfry_lair_drakes, grunt_megastairs_3, uniq_sonja
Lair:3:   layout_cave_pods
Lair:4:   layout_gridlike, minmay_shoals_entry_lonely_mermaid,
          gammafunk_ghost_berserking_beasts, minmay_lair_oklob_chamber
Lair:5:   layout_gridlike
Lair:6:   hangedman_lair_in_review, layout_hall_layers,
          minmay_slime_entry_oklob_enclosed, gauntlet_entry_generic,
          infiniplex_staircase_pool, uniq_kirke
Shoals:1: layout_shoals, serial_shops, shop
Shoals:2: layout_shoals, wheals_shoals_ruined_temple
Shoals:3: layout_shoals, gammafunk_ghost_cemetery
Shoals:4: shoals_end_grunt_ice, layout_shoals,
          nicolae_shoals_kraken_intersection
Spider:1: layout_chambers, ebering_ghost_reflecting_pool, worms_lemuel
Spider:2: layout_spider_delve
Spider:3: layout_spider_delve
Spider:4: spider_rune_water
Slime:1:  layout_caves
Slime:2:  layout_caves, basic_altar
Slime:3:  layout_caves, nicolae_slime_barrier
Slime:4:  layout_caves
Slime:5
Orc:1:    layout_caves
Orc:2:    st_orc_town, layout_caves, minmay_orc_keep, uniq_urug
Depths:1: layout_honeycomb, grunt_mini_vestibule,
          hangedman_decor_clover_reticule, wad_rectangle_vault,
          serial_bayou_shore_a
Depths:2: minmay_the_grid_four_pointed_star_mashed
          [minmay_the_grid_triangle_9x9_from_above,
          minmay_the_grid_triangle_9x9_swiss_cheese,
          minmay_the_grid_triangle_9x9_flanged_cone,
          minmay_the_grid_triangle_9x9_sparse_checkered,
          minmay_the_grid_prize_four_corners], layout_cave_pools, abyss_entry,
          minmay_door_square, hell_entry, minmay_serpent_palace,
          minmay_staircase_windowed_large
Depths:3: kennysheep_large_spiral, layout_twisted_cross, enter_ziggurat_f,
          hangedman_abyss_or_decor_stagger, rand_demon_pan_entry_4, hell_entry,
          infiniplex_staircase_zigzag_2, minmay_shop_grove, uniq_asterion,
          uniq_mara
Depths:4: cell_vault, layout_cave_pools, grunt_hell_entry_dis_grunt,
          nicolae_abyss_entry_one_way_or_another, nrook_mini_vaults,
          uniq_margery
Depths:5: grunt_zot_entry_bicorn, layout_cave_pools, pf_hell_entry_great_geh,
          lemuel_round_altar, enter_trove_2

Skill      XL: |  1  2  3  4  5  6  7  8  9 10 11 12 13 14 15 16 17 18 |
---------------+-------------------------------------------------------+-----
Fighting       | 3 4 5 6 7 8 9 10 11 12 13 14 | 14.4
Axes           | 3 4 5 6 8 9 11 12 14 15 17 18 19 | 19.9
Armour         | 4 5 6 7 8 9 11 12 13 15 16 | 16.7
Shields        | 4 5 6 7 8 9 |  9.7
Invocations    | 4 6 8 10 12 13 14 15 17 18 | 18.2
Dodging        | 5 7 |  7.9

Action                   |  1- 3 |  4- 6 |  7- 9 | 10-12 | 13-15 | 16-18 || total
-------------------------+-------+-------+-------+-------+-------+-------++-------
Melee: War axe           |    68 |   236 |   456 |   106 |       |       ||   866
       Broad axe         |       |       |       |   230 |       |       ||   230
       Executioner's axe |       |       |       |   209 |   987 |   889 ||  2085
Throw: Throwing net      |       |       |       |       |       |     1 ||     1
Invok: Minor Destruction |       |       |       |     2 |     2 |       ||     4
       Lesser Servant of |       |       |       |     2 |       |       ||     2
       Greater Servant o |       |       |       |       |     5 |       ||     5
 Abil: Heal Wounds       |       |     3 |    15 |    12 |    26 |    31 ||    87
Evoke: Wand              |       |       |       |     4 |     1 |       ||     5
  Use: Scroll            |       |       |    19 |    19 |    12 |    14 ||    64
       Potion            |       |       |       |     1 |     9 |     9 ||    19
 Stab: Petrified         |       |       |       |       |     2 |       ||     2
       Distracted        |       |       |       |       |     1 |     1 ||     2
  Eat: Chunk             |     1 |     5 |    11 |    13 |    15 |     6 ||    51
       Ration            |       |       |       |     2 |     1 |     3 ||     6
Armor: Scale mail        |    18 |    24 |       |       |       |       ||    42
       Chain mail        |       |    36 |   243 |   404 |   198 |       ||   881
       Plate armour      |       |    63 |    22 |       |   992 |   830 ||  1907
Dodge: Dodged            |    12 |    21 |    57 |   273 |  1406 |  1129 ||  2898
Block: Shield            |     9 |       |       |       |       |       ||     9
       Large shield      |    42 |   233 |   432 |   387 |       |       ||  1094
       Reflection        |       |       |       |     4 |       |       ||     4
       Other             |       |       |       |    15 |       |       ||    15
